 Dungeon Sprint DCSS version 0.20-a0-893-g832831a (webtiles) character file.

10918 esc the Unseen (level 11, 0/67 (68) HPs)
             Began as a Spriggan Enchanter on Mar 16, 2017.
             Was the Champion of Jiyva.
             Succumbed to poison (dark miasma)
             ... in the Dungeon (Sprint II: "The Violet Keep of Menkaure").
             The game lasted 00:32:10 (2158 turns).

esc the Unseen (Spriggan Enchanter)                 Turns: 2158, Time: 00:32:11

HP:   0/67 (68)     AC: 15    Str:  7    XL:     11   Next: 42%
MP:   10/29         EV: 43    Int: 20    God:    Jiyva [******]
Gold: 88            SH: 11    Dex: 30    Spells: 25/36 levels left

rFire    + + .     SeeInvis +   a - +1 dagger
rCold    + + .     Gourm    .   z - +2 robe {rF+}
rNeg     + . .     Faith    .   v - +0 buckler
rPois    +         Spirit   .   p - +1 hat
rElec    +         Reflect  .   b - +0 cloak
rCorr    +         Harm     .   (gloves unavailable)
MR       ++...     NoTele   +   (boots unavailable)
Stlth    +++++++++.             (no amulet)
Regen    0.3/turn               x - +4 ring of protection
MPRegen  0.3/turn               y - ring of Attitude {rElec rC+ rN+ MR+ Dex+4}

@: brilliant, agile, lethally poisoned (0 -> -1), resistant, flying (expiring),
very slightly contaminated, hasted and slowed, very quick
A: unfitting armour, horns 1, thin metallic scales 2, see invisible, agile 1,
blink, herbivore 3, speed 3, robust 1, slow metabolism 2, eyeballs 2, gelatinous
body 2, translucent skin 1
a: Blink, Request Jelly, Slimify, Cure Bad Mutation, Renounce Religion


You were in the Dungeon.
You worshipped Jiyva.
Jiyva was exalted by your worship.
You were completely stuffed.

You visited 1 branch You collected 1613 gold pieces.
You spent 1525 gold pieces at shops.

Inventory:

Hand Weapons
 a - a +1 dagger (weapon)
Armour
 b - a +0 cloak (worn)
   (You bought it in a shop in the Dungeon)
 p - a +1 hat (worn)
   (You bought it in a shop in the Dungeon)
 v - a +0 buckler (worn)
   (You found it in the Dungeon)
 z - a +2 robe of fire resistance (worn)
   (You bought it in a shop in the Dungeon)
Jewellery
 x - a +4 ring of protection (right hand)
   (You bought it in a shop in the Dungeon)
 y - the ring of Attitude (left hand) {rElec rC+ rN+ MR+ Dex+4}
   (You bought it in a shop in the Dungeon)

   [ring of protection from magic]

   It affects your dexterity (+4).
   It protects you from cold.
   It insulates you from electricity.
   It protects you from negative energy.
   It affects your resistance to hostile enchantments.
Scrolls
 f - a scroll of immolation {!r}
 i - a scroll of amnesia
 k - 4 scrolls of remove curse
 t - 2 scrolls of fog
Potions
 h - 4 potions of magic
 m - 7 potions of flight
 o - 3 potions of resistance
Books
 c - a book of Maledictions
Comestibles
 d - a bread ration {@e1}


   Skills:
 + Level 9.3 Fighting
 + Level 11.9 Short Blades
 + Level 15.0 Dodging
 + Level 16.3 Stealth
 - Level 8.8 Shields
 + Level 13.0 Spellcasting
 + Level 13.3 Hexes


You had 25 spell levels left.
You knew the following spells:

 Your Spells              Type           Power        Failure   Level  Hunger
a - Ensorcelled Hibernat  Hex/Ice        ######       1%          2    None
b - Tukima's Dance        Hex            ######..     1%          3    None
c - Confuse               Hex            ######..     1%          3    None
d - Dazzling Spray        Conj/Hex       ######       1%          3    None


Dungeon Overview and Level Annotations

Branches:
Dungeon (1/1)

Altars:
Cheibriados
Dithmenos
Elyvilon
Fedhas
Gozag
Hepliaklqana
Kikubaaqudgha
Makhleb
Nemelex Xobeh
Okawaru
Qazlal
Ru
Sif Muna
Trog
Uskayaw
Vehumet
Wu Jian
Xom
Yredelemnul
Zin
The Shining One
Beogh
Jiyva
Lugonu

Shops:
D :=:*:=*[%*![==!?[=%(*[:!!}?(

Annotations:
D exclusion: oklob plant, Roxanne


Innate Abilities, Weirdness & Mutations

You are very small and have problems with some larger weapons.
You are too small for most types of armour.
You have supernaturally acute eyesight. (SInv)
You are a herbivore.
You cover ground extremely quickly.
You need consume almost no food.
You have a pair of small horns on your head.
You are mostly covered in thin metallic scales. (AC +3)
You are agile. (Dex +2)
You can translocate small distances at will.
You are robust. (+10% HP)
Your body has grown many golden eyes which may confuse attackers. (Acc +5)
Your pliable body absorbs attacks. (AC +2, EV +2)
Your translucent skin slightly reduces your foes' accuracy. (Stealth)


Message History

You reach down and open the gate.
You are engulfed in dark miasma.
You are poisoned.
You feel your flesh rotting away!
You feel ill.
* * * LOW HITPOINT WARNING * * *
x2 You feel sick.
The storm dragon moves out of view.
The cacodemon moves out of view.
You take 5 damage, and have 13/67 hp.
Unknown command.
Unknown command.
Unknown command.
Unknown command.
Okay, then.
You are engulfed in dark miasma.
You are more poisoned.
You feel yourself slow down.
* * * LOW HITPOINT WARNING * * *
x2 You feel sick.
There is an open gate here.
You take 4 damage, and have 9/67 hp.
Unknown command.
Unknown command.
Unknown command.
Unknown command.
Unknown command.
You feel better.
You are engulfed in dark miasma.
You are lethally poisoned!
You feel your flesh rotting away!
You feel as though you will be slow longer.
* * * LOW HITPOINT WARNING * * *
You feel very sick.
Unknown command.
Unknown command.
Unknown command.
Unknown command.
* * * LOW HITPOINT WARNING * * *
You feel sick.
Unknown command.
Unknown command.
Unknown command.
Okay, then.
Okay, then.
* * * LOW HITPOINT WARNING * * *
You feel sick.
You take 1 damage, and have 9/67 hp.
* * * LOW HITPOINT WARNING * * *
You feel sick.
You take 1 damage, and have 8/67 hp.
* * * LOW HITPOINT WARNING * * *
You feel sick.
You take 1 damage, and have 7/67 hp.
You feel agile all of a sudden.
* * * LOW HITPOINT WARNING * * *
You feel sick.
You take 1 damage, and have 6/67 hp.
You feel yourself speed up.
* * * LOW HITPOINT WARNING * * *
You feel sick.
You are very lightly contaminated with residual magic.
Unknown command.
As you read the scroll labeled LAUJIU XEGROF, it crumbles to dust.
It is a scroll of amnesia.
Forget which spell ([?*] list [ESC] exit)?
Your memory of Corona unravels.
* * * LOW HITPOINT WARNING * * *
You feel sick.
You take 1 damage, and have 5/67 hp.
You feel protected.
* * * LOW HITPOINT WARNING * * *
You feel sick.
You take 1 damage, and have 4/67 hp.
* * * LOW HITPOINT WARNING * * *
You feel sick.
You take 1 damage, and have 3/67 hp.
* * * LOW HITPOINT WARNING * * *
You feel sick.
You take 1 damage, and have 3/67 hp.
* * * LOW HITPOINT WARNING * * *
You feel sick.
You take 1 damage, and have 2/67 hp.
You are starting to lose your buoyancy.
* * * LOW HITPOINT WARNING * * *
You feel sick.
You take 1 damage, and have 1/67 hp.
* * * LOW HITPOINT WARNING * * *
You feel sick.
You take 1 damage, and have 1/67 hp.
Jiyva says: Divide and consume!
Okay, then.
Okay, then.
Okay, then.
* * * LOW HITPOINT WARNING * * *
You feel sick.
You swing at nothing.
You swing at nothing.
You swing at nothing.
You swing at nothing.
You die...

...≈##.§.§.≈§# #§..▓≈≈§≈
###≈≈#...#'''## #=§▓▓▓▓▓
##≈≈≈§§......§# .. .#:=▓.[.)
.#≈≈≈§.##.##..#∆ #. .#|}▓.[..
.#≈≈≈≈##...##.#### +.##k#[=▓.[.(
.#≈≈≈≈#..#..#....# ...####▓[.[[
.#≈≈####.#.####..## #..##.#▓.(..
.#≈##.###+###.##..# +..#..#▓....
.#≈#).D##D##...#@.# #..#..#▓....
.'≈'##.'.<.'###'..####..##.#▓....
∩#≈#.####.##...#....###§..##▓▓▓▓▓
##≈##.###+###.##......≈≈§≈≈≈≈≈≈≈≈
##≈≈####...####≈§.....§#'########
##≈≈≈#..#).#≈§≈≈≈≈≈..≈#....._..#
#'#≈##...##≈≈≈≈≈≈≈§.≈#...J_._.#
#.#≈≈##+##≈≈≈≈≈≈≈≈§§≈#..8_._._#
####≈≈≈≈≈≈≈≈≈§≈§≈§≈≈≈#.._§_._.#


There were no monsters in sight!

Vanquished Creatures
  A bone dragon (D)
  A frost giant (D)
  A deep elf high priest (D)
  A fire dragon (D)
  An iron elemental (D)
  A skeletal warrior (D)
  2 deep trolls (D)
  A death drake (D)
  A merfolk siren (D)
  An elephant (D)
  2 tyrant leeches (D)
  2 polar bears (D)
  12 flying skulls (D)
  A swamp drake (D)
  4 necrophages (D)
  2 crocodiles (D)
  A jelly (D)
  An iron imp (D)
  A hell rat (D)
  3 worms (D)
40 creatures vanquished.

Vanquished Creatures (collateral kills)
  A yaktaur (D)
  A hornet (D)
  A polar bear (D)
  2 crocodiles (D)
  5 tentacles (D)
10 creatures vanquished.

Vanquished Creatures (others)
  A sphinx (D)
  An azure jelly (D)
  A great orb of eyes (D)
  A centaur warrior (D)
  Sonja (D)
  3 orc sorcerers (D)
  3 shining eyes (D)
  A kobold demonologist (D)
  5 slime creatures (D)
  Menkaure (D)
  A swamp drake (D)
  A necrophage (D)
  A crocodile (D)
  44 jellies (D)
  A spectral bat (D)
  3 tentacles (D)
69 creatures vanquished.

Grand Total: 119 creatures vanquished

Notes
Turn   | Place    | Note
-------+----------+-------------------------------------------
     0 | D        | esc the Spriggan Enchanter began the quest for the Orb.
     0 | D        | Reached XP level 1. HP: 9/9 MP: 5/5
     1 | D        | Noticed a tyrant leech
     1 | D        | Noticed a tyrant leech
    16 | D        | Reached skill level 1 in Fighting
    16 | D        | Reached skill level 3 in Spellcasting
    16 | D        | Reached skill level 4 in Hexes
    24 | D        | Killed Menkaure
   159 | D        | Killed a crocodile
   167 | D        | Found Janwamor's Antique Weapon Shop.
   168 | D        | Found Kovies's Distillery.
   168 | D        | Found Vaamodee's Distillery.
   168 | D        | Found Abudiat's Jewellery Boutique.
   168 | D        | Found Luroaryn's Food Boutique.
   168 | D        | Found Biec's Jewellery Shop.
   168 | D        | Found Fegut's Jewellery Shop.
   168 | D        | Found Famoseigu's Book Shop.
   168 | D        | Found Gelil's Armour Boutique.
   168 | D        | Found Ofrewn's Gadget Shop.
   168 | D        | Found Pidy's Antique Armour Boutique.
   170 | D        | Reached skill level 5 in Stealth
   170 | D        | Reached XP level 2. HP: 14/14 MP: 7/7
   181 | D        | Learned a level 2 spell: Ensorcelled Hibernation
   185 | D        | Noticed a necrophage
   185 | D        | Noticed a necrophage
   185 | D        | Noticed a necrophage
   185 | D        | Noticed a necrophage
   188 | D        | Killed a necrophage
   188 | D        | Reached skill level 2 in Fighting
   188 | D        | Reached skill level 3 in Short Blades
   188 | D        | Reached skill level 5 in Dodging
   188 | D        | Reached skill level 6 in Stealth
   188 | D        | Reached skill level 4 in Spellcasting
   188 | D        | Reached skill level 5 in Hexes
   188 | D        | Reached XP level 3. HP: 17/19 MP: 8/10
   188 | D        | Reached XP level 4. HP: 20/23 MP: 8/11
   189 | D        | Killed a necrophage
   189 | D        | Reached skill level 3 in Fighting
   189 | D        | Reached skill level 4 in Short Blades
   189 | D        | Reached skill level 6 in Dodging
   189 | D        | Reached skill level 8 in Stealth
   189 | D        | Reached skill level 5 in Spellcasting
   189 | D        | Reached skill level 6 in Hexes
   189 | D        | Reached XP level 5. HP: 25/28 MP: 9/14
   193 | D        | Killed a necrophage
   193 | D        | Reached skill level 4 in Fighting
   193 | D        | Reached skill level 5 in Short Blades
   193 | D        | Reached skill level 7 in Dodging
   193 | D        | Reached skill level 9 in Stealth
   193 | D        | Reached skill level 6 in Spellcasting
   193 | D        | Reached skill level 7 in Hexes
   205 | D        | Found Zuleifiwu's Food Shop.
   205 | D        | Found Bismanu's Antique Armour Boutique.
   205 | D        | Noticed a spiny frog
   207 | D        | Found Qotreino's Magic Scroll Boutique.
   207 | D        | Found Kollej's Antique Weapon Shop.
   208 | D        | Noticed a spiny frog
   208 | D        | Noticed a crocodile
   208 | D        | Noticed an oklob plant
   209 | D        | Found Wuobawuy's Book Shoppe.
   209 | D        | Noticed a manticore
   211 | D        | Noticed a manticore
   215 | D        | Learned a level 3 spell: Confuse
   219 | D        | Learned a level 3 spell: Tukima's Dance
   220 | D        | Noticed a manticore
   223 | D        | Learned a level 3 spell: Dazzling Spray
   227 | D        | Killed a crocodile
   227 | D        | Reached skill level 8 in Dodging
   227 | D        | Reached XP level 6. HP: 34/34 MP: 11/16
   242 | D        | Noticed a hippogriff
   243 | D        | Noticed a hippogriff
   244 | D        | Noticed a hippogriff
   291 | D        | Noticed a merfolk siren
   316 | D        | Killed a merfolk siren
   316 | D        | Reached skill level 5 in Fighting
   316 | D        | Reached skill level 7 in Short Blades
   316 | D        | Reached skill level 9 in Dodging
   316 | D        | Reached skill level 10 in Stealth
   316 | D        | Reached skill level 8 in Spellcasting
   316 | D        | Reached skill level 8 in Hexes
   316 | D        | Reached XP level 7. HP: 35/39 MP: 12/19
   377 | D        | Found a blossoming altar of Fedhas.
   378 | D        | Found a white marble altar of Elyvilon.
   379 | D        | Found a shadowy altar of Dithmenos.
   379 | D        | Found a corrupted altar of Lugonu.
   379 | D        | Found an opulent altar of Gozag.
   379 | D        | Found a burning altar of Makhleb.
   380 | D        | Found a snail-covered altar of Cheibriados.
   380 | D        | Found an ancient bone altar of Kikubaaqudgha.
   380 | D        | Found a bloodstained altar of Trog.
   381 | D        | Found a roughly hewn altar of Beogh.
   381 | D        | Found a viscous altar of Jiyva.
   381 | D        | Found a deep blue altar of Sif Muna.
   382 | D        | Found a hazy altar of Hepliaklqana.
   382 | D        | Found a sacrificial altar of Ru.
   383 | D        | Found a shimmering altar of Xom.
   384 | D        | Found a stormy altar of Qazlal.
   384 | D        | Found an ornate altar of the Wu Jian Council.
   384 | D        | Found a sparkling altar of Nemelex Xobeh.
   384 | D        | Found a hide-covered altar of Uskayaw.
   384 | D        | Found a basalt altar of Yredelemnul.
   384 | D        | Found a glowing golden altar of the Shining One.
   385 | D        | Noticed a hornet
   385 | D        | Noticed a polar bear
   385 | D        | Found a radiant altar of Vehumet.
   385 | D        | Found an iron altar of Okawaru.
   385 | D        | Found a glowing silver altar of Zin.
   385 | D        | Noticed a yaktaur
   386 | D        | Noticed a polar bear
   391 | D        | Became a worshipper of Jiyva Judas the Shapeless
   399 | D        | Noticed a flying skull
   399 | D        | Noticed a flying skull
   423 | D        | Noticed a flying skull
   437 | D        | Noticed a flying skull
   440 | D        | Reached * piety under Jiyva
   440 | D        | Reached ** piety under Jiyva
   441 | D        | Reached *** piety under Jiyva
   442 | D        | Gained mutation: You have a somewhat thin skeletal structure. (Dex +2, Stealth) [Jiyva's grace]
   442 | D        | Reached **** piety under Jiyva
   442 | D        | Gained mutation: You have acidic saliva. [Jiyva's grace]
   442 | D        | Reached ***** piety under Jiyva
   443 | D        | Gained mutation: You have large cloven feet. [Jiyva's grace]
   443 | D        | Gained mutation: You evolve. [Jiyva's grace]
   444 | D        | Lost mutation: You evolve. [Jiyva's grace]
   444 | D        | Reached ****** piety under Jiyva
   446 | D        | Gained mutation: Your body has grown golden eyes which may confuse attackers. (Acc +3) [Jiyva's grace]
   448 | D        | Noticed a polar bear
   448 | D        | Lost mutation: Your body has grown golden eyes which may confuse attackers. (Acc +3) [Jiyva's grace]
   449 | D        | Lost mutation: You have a somewhat thin skeletal structure. (Dex +2, Stealth) [Jiyva's grace]
   449 | D        | Gained mutation: You occasionally shout uncontrollably at your foes. [Jiyva's grace]
   449 | D        | Lost mutation: You have acidic saliva. [Jiyva's grace]
   450 | D        | Gained mutation: Your translucent skin slightly reduces your foes' accuracy. (Stealth) [Jiyva's grace]
   452 | D        | Lost mutation: Your translucent skin slightly reduces your foes' accuracy. (Stealth) [Jiyva's grace]
   452 | D        | Gained mutation: You are robust. (+10% HP) [Jiyva's grace]
   452 | D        | Gained mutation: You are partially covered in rugged brown scales. (AC +1, +3% HP) [Jiyva's grace]
   452 | D        | Gained mutation: Your system is resistant to poisons. (rPois) [Jiyva's grace]
   452 | D        | Gained mutation: Armour fits poorly on your strangely shaped body. [Jiyva's grace]
   453 | D        | Gained mutation: You are covered in slimy tendrils that may disarm your opponents. [Jiyva's grace]
   455 | D        | Lost mutation: You occasionally shout uncontrollably at your foes. [Jiyva's grace]
   455 | D        | Gained mutation: You have a small jelly attached to you that may absorb incoming projectiles. [Jiyva's grace]
   455 | D        | Lost mutation: You have a small jelly attached to you that may absorb incoming projectiles. [Jiyva's grace]
   455 | D        | Lost mutation: You are robust. (+10% HP) [Jiyva's grace]
   455 | D        | Lost mutation: Your system is resistant to poisons. (rPois) [Jiyva's grace]
   455 | D        | Gained mutation: Your translucent skin slightly reduces your foes' accuracy. (Stealth) [Jiyva's grace]
   455 | D        | Gained mutation: You can translocate small distances at will. [Jiyva's grace]
   456 | D        | Gained mutation: You are mostly covered in rugged brown scales. (AC +2, +5% HP) [Jiyva's grace]
   459 | D        | Gained mutation: You have acidic saliva. [Jiyva's grace]
   459 | D        | Lost mutation: Your translucent skin slightly reduces your foes' accuracy. (Stealth) [Jiyva's grace]
   460 | D        | Gained mutation: Your rubbery body absorbs attacks. (AC +1, EV +1) [Jiyva's grace]
   460 | D        | Lost mutation: You are mostly covered in rugged brown scales. (AC +2, +5% HP) [Jiyva's grace]
   460 | D        | Gained mutation: You occasionally shout uncontrollably at your foes. [Jiyva's grace]
   461 | D        | Lost mutation: You occasionally shout uncontrollably at your foes. [Jiyva's grace]
   461 | D        | Gained mutation: Your flesh is cold resistant. (rC+) [Jiyva's grace]
   462 | D        | Killed a polar bear
   462 | D        | Reached skill level 10 in Dodging
   462 | D        | Reached skill level 11 in Stealth
   462 | D        | Reached skill level 9 in Hexes
   462 | D        | Gained mutation: Your body has grown golden eyes which may confuse attackers. (Acc +3) [Jiyva's grace]
   466 | D        | Lost mutation: You have large cloven feet. [Jiyva's grace]
   468 | D        | Killed a polar bear
   468 | D        | Reached skill level 9 in Spellcasting
   468 | D        | Reached XP level 8. HP: 45/45 MP: 22/22
   468 | D        | Lost mutation: Your flesh is cold resistant. (rC+) [Jiyva's grace]
   468 | D        | Gained mutation: You evolve. [Jiyva's grace]
   477 | D        | Killed a hornet
   477 | D        | Reached skill level 6 in Fighting
   477 | D        | Reached skill level 8 in Short Blades
   477 | D        | Reached skill level 12 in Stealth
   481 | D        | Killed a polar bear
   481 | D        | Lost mutation: Armour fits poorly on your strangely shaped body. [Jiyva's grace]
   488 | D        | HP: 9/45 [yaktaur (16)]
   498 | D        | Killed an orc sorcerer
   500 | D        | Killed a yaktaur
   500 | D        | Reached skill level 11 in Dodging
   502 | D        | Killed an orc sorcerer
   503 | D        | Gained mutation: Your body has grown many golden eyes which may confuse attackers. (Acc +5) [Jiyva's grace]
   503 | D        | Killed an orc sorcerer
   519 | D        | Lost mutation: You are partially covered in rugged brown scales. (AC +1, +3% HP) [Jiyva's grace]
   528 | D        | Gained mutation: You have a small jelly attached to you that may absorb incoming projectiles. [Jiyva's grace]
   531 | D        | Noticed a kraken
   533 | D        | Gained mutation: You are partially covered in icy blue scales. (AC +2) [Jiyva's grace]
   537 | D        | Reached skill level 10 in Hexes
   683 | D        | Gained mutation: You are partially covered in thin metallic scales. (AC +2) [Jiyva's grace]
   683 | D        | Lost mutation: You are partially covered in icy blue scales. (AC +2) [Jiyva's grace]
   686 | D        | Gained mutation: You are partially covered in slimy green scales. (AC +2) [Jiyva's grace]
   693 | D        | Lost mutation: You have acidic saliva. [Jiyva's grace]
   696 | D        | Gained mutation: Your flesh is cold resistant. (rC+) [Jiyva's grace]
   706 | D        | Lost mutation: You evolve. [Jiyva's grace]
   836 | D        | Gained mutation: You have sharp fingernails. [Jiyva's grace]
   836 | D        | Gained mutation: You have sharp toenails. [Jiyva's grace]
   836 | D        | Gained mutation: You are clumsy. (Dex -2) [Jiyva's grace]
   838 | D        | Gained mutation: Your muscles are strong. (Str +2) [Jiyva's grace]
   839 | D        | Lost mutation: You can translocate small distances at will. [Jiyva's grace]
   840 | D        | Lost mutation: You are clumsy. (Dex -2) [Jiyva's grace]
   841 | D        | Lost mutation: Your muscles are strong. (Str +2) [Jiyva's grace]
   843 | D        | Lost mutation: You are partially covered in slimy green scales. (AC +2) [Jiyva's grace]
   857 | D        | Slimified a kraken
   857 | D        | Noticed a slime creature
   857 | D        | a kraken changed into a slime creature
   889 | D        | Noticed Roxanne
   906 | D        | Noticed a deep troll
   907 | D        | Noticed a deep troll
   909 | D        | Killed a deep troll
   909 | D        | Reached skill level 5 in Shields
   910 | D        | Killed a deep troll
   910 | D        | Reached skill level 7 in Shields
   910 | D        | Reached XP level 9. HP: 49/49 MP: 23/23
   934 | D        | Noticed a sphinx
   935 | D        | Noticed a sphinx
   937 | D        | Slimified a sphinx
   937 | D        | Noticed an acid blob
   937 | D        | a sphinx changed into an acid blob
   938 | D        | Gained mutation: Your translucent skin slightly reduces your foes' accuracy. (Stealth) [Jiyva's grace]
   942 | D        | Killed a sphinx
   956 | D        | Lost mutation: Your flesh is cold resistant. (rC+) [Jiyva's grace]
   983 | D        | Killed a tyrant leech
   983 | D        | Reached skill level 8 in Shields
  1002 | D        | Gained mutation: You tend to lose your temper in combat. [Jiyva's grace]
  1004 | D        | Lost mutation: You have sharp toenails. [Jiyva's grace]
  1007 | D        | Gained mutation: You are partially covered in molten scales. (AC +2) [Jiyva's grace]
  1021 | D        | Bought a +4 ring of protection for 396 gold pieces
  1028 | D        | Bought the ring of Attitude {rElec rC+ rN+ MR+ Dex+4} for 586 gold pieces
  1031 | D        | Bought a +2 robe of fire resistance for 194 gold pieces
  1043 | D        | Killed a tyrant leech
  1049 | D        | Lost mutation: You tend to lose your temper in combat. [Jiyva's grace]
  1052 | D        | Lost mutation: You are partially covered in molten scales. (AC +2) [Jiyva's grace]
  1053 | D        | Gained mutation: You have very sharp fingernails. [Jiyva's grace]
  1055 | D        | Gained mutation: Your mind is acute. (Int +2) [Jiyva's grace]
  1060 | D        | Lost mutation: You have very sharp fingernails. [Jiyva's grace]
  1063 | D        | Bought a cloak for 81 gold pieces
  1065 | D        | Gained mutation: You have a small jelly attached to you that senses nearby items. [Jiyva's grace]
  1105 | D        | Gained mutation: You can translocate small distances at will. [Jiyva's grace]
  1105 | D        | Lost mutation: You are covered in slimy tendrils that may disarm your opponents. [Jiyva's grace]
  1105 | D        | Lost mutation: Your body has grown many golden eyes which may confuse attackers. (Acc +5) [Jiyva's grace]
  1108 | D        | Gained mutation: Your muscles are strong. (Str +2) [Jiyva's grace]
  1112 | D        | Gained mutation: Your pliable body absorbs attacks. (AC +2, EV +2) [Jiyva's grace]
  1112 | D        | Gained mutation: You are mostly covered in thin metallic scales. (AC +3) [Jiyva's grace]
  1112 | D        | Gained mutation: You are completely covered in thin metallic scales. (AC +4, rElec) [Jiyva's grace]
  1117 | D        | Killed Sonja
  1119 | D        | Lost mutation: Your muscles are strong. (Str +2) [Jiyva's grace]
  1120 | D        | Lost mutation: Your mind is acute. (Int +2) [Jiyva's grace]
  1138 | D        | Reached skill level 10 in Spellcasting
  1153 | D        | Reached skill level 9 in Short Blades
  1155 | D        | Reached skill level 13 in Stealth
  1194 | D        | Reached skill level 7 in Fighting
  1194 | D        | Reached skill level 12 in Dodging
  1333 | D        | Reached XP level 10. HP: 55/55 MP: 22/25
  1353 | D        | Gained mutation: You have sharp toenails. [Jiyva's grace]
  1356 | D        | Lost mutation: You have sharp toenails. [Jiyva's grace]
  1365 | D        | Reached skill level 11 in Hexes
  1378 | D        | Noticed Kirke
  1380 | D        | Noticed a yaktaur captain
  1391 | D        | Slimified Kirke
  1391 | D        | Noticed Kirke
  1391 | D        | Kirke changed into Kirke the azure jelly
  1392 | D        | Lost mutation: Your translucent skin slightly reduces your foes' accuracy. (Stealth) [Jiyva's grace]
  1392 | D        | Gained mutation: Your skin changes colour to match your surroundings (Stealth+). [Jiyva's grace]
  1394 | D        | Noticed a centaur warrior
  1394 | D        | Lost mutation: You have a small jelly attached to you that senses nearby items. [Jiyva's grace]
  1417 | D        | Killed a centaur warrior
  1417 | D        | Reached skill level 11 in Spellcasting
  1429 | D        | Lost mutation: Your skin changes colour to match your surroundings (Stealth+). [Jiyva's grace]
  1441 | D        | Noticed an elephant
  1441 | D        | Noticed a skeletal warrior
  1447 | D        | Killed Kirke the azure jelly
  1470 | D        | Killed a skeletal warrior
  1470 | D        | Reached skill level 10 in Short Blades
  1470 | D        | Reached skill level 14 in Stealth
  1569 | D        | Noticed an iron elemental
  1614 | D        | esc: ??slimify
  1614 | D        | beem: slimify[1/1]: Jiyva ability that coats your melee attack with slime. Hitting a corporeal undead or natural monster will turn it into a neutral slime of similar HD with no resistance checks. Durably summoned/god wrath no longer provides immunity to slimify.
  1614 | D        | esc: @?iron elemental
  1614 | D        | beem: iron elemental (E)
                  | Spd:
     6 | HD: 12   | HP: 86-126
                  | AC/EV: 20/2
                  | Dam: 40
                  | non-living, unbreathing
                  | Res: magic(immune), fire+++, cold+++, elec+++, poison+++, drown, rot+++, neg+++, torm
                  | XP: 892
                  | Sp: iron shot (3d24) [!sil], metal splinters (3d27) [!sil], slow [!sil]
                  | Sz: Big
                  | Int: brainless.
  1618 | D        | Killed an elephant
  1631 | D        | HP: 11/56 [iron elemental (29)]
  1634 | D        | Killed an iron elemental
  1634 | D        | Reached skill level 13 in Dodging
  1646 | D        | Slimified a yaktaur captain
  1646 | D        | a yaktaur captain changed into a slime creature
  1660 | D        | Gained mutation: You are robust. (+10% HP) [Jiyva's grace]
  1681 | D        | Gained mutation: You are agile. (Dex +2) [Jiyva's grace]
  1682 | D        | Noticed a great orb of eyes
  1687 | D        | Noticed a shining eye
  1687 | D        | Noticed a shining eye
  1687 | D        | Noticed a shining eye
  1687 | D        | Noticed a fire dragon
  1689 | D        | Killed a fire dragon
  1689 | D        | Reached skill level 8 in Fighting
  1689 | D        | Reached skill level 12 in Hexes
  1689 | D        | Gained mutation: Your body has grown many golden eyes which may confuse attackers. (Acc +5) [Jiyva's grace]
  1689 | D        | Lost mutation: You have a small jelly attached to you that may absorb incoming projectiles. [Jiyva's grace]
  1691 | D        | Lost mutation: You are completely covered in thin metallic scales. (AC +4, rElec) [Jiyva's grace]
  1691 | D        | Gained mutation: You have a pair of small horns on your head. [Jiyva's grace]
  1696 | D        | Gained mutation: Your translucent skin slightly reduces your foes' accuracy. (Stealth) [Jiyva's grace]
  1697 | D        | Found Uggakah's Book Emporium.
  1697 | D        | Found Coybruv's Jewellery Shop.
  1698 | D        | Found Jeimyar's Assorted Antiques.
  1698 | D        | Found Leuhiky's Jewellery Shoppe.
  1698 | D        | Found Uruw's Assorted Antiques.
  1698 | D        | Found Peonibef's Distillery.
  1698 | D        | Found Qeis's General Store.
  1698 | D        | Found Bigofur's Book Shoppe.
  1698 | D        | Found Qemuh's Assorted Antiques.
  1698 | D        | Found Netec's Distillery.
  1698 | D        | Found Puagauka's Magic Scroll Shop.
  1698 | D        | Found Ingismurph's Antique Armour Shoppe.
  1705 | D        | Bought an embroidered hat for 154 gold pieces
  1718 | D        | Bought a scroll of identify for 24 gold pieces
  1729 | D        | Bought a scroll of identify for 44 gold pieces
  1731 | D        | Bought a scroll of identify for 46 gold pieces
  1779 | D        | Noticed a death drake
  1781 | D        | Noticed a death drake
  1816 | D        | Killed a death drake
  1816 | D        | Reached skill level 15 in Stealth
  1816 | D        | Killed a great orb of eyes
  1820 | D        | Reached skill level 12 in Spellcasting
  1824 | D        | Killed a shining eye
  1826 | D        | Killed a shining eye
  1886 | D        | Killed a shining eye
  1903 | D        | Noticed a crystal guardian
  1920 | D        | Lost mutation: You have sharp fingernails. [Jiyva's grace]
  1969 | D        | HP: 14/62 [crystal guardian/crystal bolt (19)]
  2003 | D        | Noticed a deep elf high priest
  2096 | D        | Noticed a frost giant
  2096 | D        | HP: 10/62 [frost giant/bolt of cold (28)]
  2100 | D        | Noticed a bone dragon
  2103 | D        | HP: 3/62 [deep elf high priest/a malign offering (8)]
  2106 | D        | Killed a deep elf high priest
  2106 | D        | Reached skill level 11 in Short Blades
  2106 | D        | Reached skill level 14 in Dodging
  2106 | D        | Reached XP level 11. HP: 4/66 MP: 11/28
  2107 | D        | Noticed a golden dragon
  2120 | D        | Killed a frost giant
  2122 | D        | Killed a bone dragon
  2122 | D        | Reached skill level 9 in Fighting
  2122 | D        | Reached skill level 15 in Dodging
  2122 | D        | Reached skill level 16 in Stealth
  2122 | D        | Reached skill level 13 in Spellcasting
  2122 | D        | Reached skill level 13 in Hexes
  2130 | D        | Noticed a cacodemon
  2130 | D        | Noticed a storm dragon
  2130 | D        | HP: 15/67 [something (3)]
  2135 | D        | HP: 8/67 [poison (dark miasma)]
  2140 | D        | HP: 4/67 [poison (dark miasma)]
  2146 | D        | HP: 1/67 [poison (dark miasma)]
  2152 | D        | HP: 1/67 [poison (dark miasma)]
  2158 | D        | Succumbed to poison (dark miasma)

Vault maps used:
D:        the_violet_keep_of_menkaure

Skill      XL: |  1  2  3  4  5  6  7  8  9 10 11 |
---------------+----------------------------------+-----
Fighting       | 1 2 3 4 5 6 7 8 9 |  9.3
Spellcasting   | 3 4 5 6 8 9 10 12 13 | 13.0
Hexes          | 4 5 6 7 8 9 10 12 13 | 13.3
Stealth        | 5 6 8 9 10 11 12 13 15 16 | 16.3
Short Blades   | 3 4 5 7 8 9 11 | 11.9
Dodging        | 5 6 8 9 10 11 12 14 15 | 15.0
Shields        | 7 8 |  8.8

Action                   |  1- 3 |  4- 6 |  7- 9 | 10-12 || total
-------------------------+-------+-------+-------+-------++-------
Melee: Dagger            |     9 |    16 |    87 |    44 ||   156
       Kick              |       |       |     5 |     1 ||     6
       Bite              |       |       |     2 |       ||     2
       Headbutt          |       |       |       |     4 ||     4
 Cast: Ensorcelled Hiber |       |     1 |    26 |     5 ||    32
       Confuse           |       |     7 |    22 |    23 ||    52
       Dazzling Spray    |       |       |     1 |    10 ||    11
Invok: Slimify           |       |       |     2 |     2 ||     4
 Abil: Blink             |       |       |       |     1 ||     1
  Use: Potion            |     1 |     1 |     1 |     9 ||    12
       Scroll            |       |       |       |    12 ||    12
 Stab: Sleeping          |     2 |     3 |     3 |     4 ||    12
       Confused          |       |     2 |    16 |    11 ||    29
       Distracted        |       |       |       |     2 ||     2
       Invisible         |       |       |       |     1 ||     1
Armor: Robe              |       |       |     5 |     4 ||     9
Dodge: Dodged            |     3 |     2 |    85 |    25 ||   115
Block: Buckler           |       |       |    28 |     4 ||    32

Vault maps used:
D:        the_violet_keep_of_menkaure

Table legend:
 A = Turns spent in this place as a percentage of turns spent in the entire game.
 B = Non-inter-level travel turns spent in this place as a percentage of non-inter-level travel turns spent in the entire game.
 C = Inter-level travel turns spent in this place as a percentage of turns spent in this place.
 D = Turns resting spent in this place as a percentage of non-inter-level travel turns spent in this place.
 E = Turns spent auto-exploring this place as a percentage of non-inter-level travel turns spent in this place.
 F = Non-inter-level travel turns spent in this place divided by the number of levels of this place that you've seen.
                   A       B       C       D       E      F
               +-------+-------+-------+-------+-------+----------------------
         Total | 100.0 | 100.0 |   0.2 |   2.7 |   0.0 | 1574.0
       Dungeon | 100.0 | 100.0 |   0.2 |   2.7 |   0.0 | 1574.0
               +-------+-------+-------+-------+-------+----------------------

Table legend:
 A = Kills in this place as a percentage of kills in entire the game.
 B = Kills by you in this place as a percentage of kills by you in the entire game.
 C = Kills by friends in this place as a percentage of kills by friends in the entire game.
 D = Other kills in this place as a percentage of other kills in the entire game.
 E = Experience gained in this place as a percentage of experience gained in the entire game.
 F = Experience gained in this place divided by the number of levels of this place that you have seen.
                   A       B       C       D       E      F
               +-------+-------+-------+-------+-------+----------------------
         Total | 100.0 | 100.0 | 100.0 | 100.0 | 100.0 | 15598.0
       Dungeon | 100.0 | 100.0 | 100.0 | 100.0 | 100.0 | 15598.0
               +-------+-------+-------+-------+-------+----------------------
